 Dungeon Crawl Stone Soup version 0.30-a0-883-g5ad918d77d (webtiles) character file.

Game seed: 14964226454710402995

1773 cforsyth the Ogre Mage (level 9, -3/74 HPs)
             Began as an Ogre Fire Elementalist on Mar 18, 2023.
             Slain by a wyvern (16 damage)
             ... on level 9 of the Dungeon.
             The game lasted 00:15:38 (8289 turns).

cforsyth the Ogre Mage (Ogre Fire Elementalist)     Turns: 8289, Time: 00:15:38

Health: -3/74      AC:  6    Str: 20    XL:     9   Next: 7%
Magic:  6/20       EV: 10    Int: 20    God:
Gold:   361        SH:  0    Dex: 12    Spells: 15/22 levels left

rFire   . . .      SeeInvis .    v - +2 dagger (elec)
rCold   . . .      Faith    .    e - orb {light}
rNeg    . . .      Spirit   .    j - +1 robe "Linotat" {Str+6 Dex+3}
rPois   .          Reflect  .    y - +2 hat
rElec   .          Rampage  .    (no cloak)
rCorr   .                        (gloves unavailable)
Will    +....                    (boots unavailable)
Stlth   +                        (no amulet)
HPRegen 0.32/turn                p - ring of willpower
MPRegen 0.17/turn                (no ring)

@: glowing
A: large, unfitting armour, tough skin 1
a: no special abilities


You were on level 9 of the Dungeon.
You visited 2 branches of the dungeon, and saw 9 of its levels.
You also visited: Ossuary.

You collected 361 gold pieces.

Inventory:

Hand Weapons
 v - a +2 dagger of electrocution (weapon)
Armour
 a - a +0 robe
 e - an orb of light (worn)
 j - the +1 robe "Linotat" (worn) {Str+6 Dex+3}
   (You found it on level 6 of the Dungeon)

   Str:       It affects your strength (+6).
   Dex:       It affects your dexterity (+3).
 y - a +2 hat (worn)
Jewellery
 p - a ring of willpower (left hand)
 A - an amulet of reflection
Wands
 b - a wand of roots (11)
 l - a wand of charming (2)
 w - a wand of digging (3)
Scrolls
 d - 5 scrolls of identify {unknown}
 k - 2 scrolls of teleportation
 m - 4 scrolls of noise {unknown}
 n - a scroll of poison {unknown}
 o - 2 scrolls of enchant weapon {unknown}
Potions
 c - 3 potions of mutation {unknown}
 f - 5 potions of curing
 h - 2 potions of flight {unknown}
 i - a potion of cancellation {unknown}
 q - 4 potions of might {unknown}
 r - a potion of invisibility {unknown}
 s - 2 potions of haste {unknown}
 t - a potion of lignification {unknown}
 u - a potion of brilliance {unknown}
 x - a potion of berserk rage {unknown}
 z - a potion of degeneration {unknown}


   Skills:
 - Level 2.5 Dodging
 - Level 2.1 Stealth
 + Level 7.3 Spellcasting
 + Level 5.7 Conjurations
 + Level 6.4 Fire Magic


You had 15 spell levels left.
You knew the following spells:

 Your Spells              Type           Power      Damage    Failure   Level
a - Foxfire               Conj/Fire      100%       2x1d9     1%          1
b - Scorch                Fire           66%        2d8       1%          2
c - Flame Wave            Conj/Fire      31%        2d9       8%          4

Your spell library contained the following spells:

 Spells                   Type           Power      Damage    Failure   Level
 Inner Flame              Hex/Fire       20%        N/A       8%          3
 Kindle Blastsparks       Fire/Tloc/Air  30%        2d12      12%         3
 Portal Projectile        Hex/Tloc       14%        N/A       26%         3
 Tukima's Dance           Hex            7%         N/A       26%         3
 Blade Hands              Tmut           3%         N/A       94%         5


Dungeon Overview and Level Annotations

Branches:
Dungeon (7/15)             Temple (1/1) D:4         Ossuary (visited)

Altars:
Dithmenos
Fedhas
Gozag
Kikubaaqudgha
Makhleb
Nemelex Xobeh
Okawaru
Qazlal
Ru
Sif Muna
Trog
Uskayaw
Xom
Zin

Shops:
D:1 :

Annotations:
D:3 Robin
D:5 2 transporters, jasper's ghost, novice DsNe


Innate Abilities, Weirdness & Mutations

You are too large for most types of armour.
You have tough skin. (AC +1)


Message History

You conjure some foxfire!
Casting: Foxfire (safe; 1% risk of failure)
Confirm with . or Enter, or press ? or * to list all spells.
Flames lash the howler monkey.
The howler monkey is heavily wounded.
The howler monkey's fire resistance burns away.
The foxfire hits the howler monkey.
The howler monkey is burned terribly!
The howler monkey is severely wounded.
The foxfire hits the howler monkey!
The howler monkey is burned terribly!
You kill the howler monkey!
Unknown command.
Casting: Scorch (safe; 1% risk of failure)
Confirm with . or Enter, or press ? or * to list all spells.
Casting: Flame Wave (dangerous; 8% risk of failure)
Press: ? - help, Dir - look around, f - activate A wave of flame ripples out! (Press . to intensify the flame waves.)
A wave of flame ripples out!
The flame wave engulfs the wyvern!
The wyvern is moderately wounded.
The wyvern closely misses you.
A wave of flame ripples out!
The flame wave engulfs the wyvern.
The wyvern is heavily wounded.
You finish channelling waves of flame.
The wyvern completely misses you. The wyvern bites you. The wyvern bites you!
* * * LOW HITPOINT WARNING * * *
Casting: Flame Wave (dangerous; 8% risk of failure)
Confirm with . or Enter, or press ? or * to list all spells.
Casting: Flame Wave (dangerous; 8% risk of failure)
Press: ? - help, Dir - look around, f - activate A wave of flame ripples out!
The flame wave engulfs the wyvern.
The wyvern is heavily wounded. (Press . to intensify the flame waves.)
The wyvern bites you but does no damage.
The wyvern bites you.
* * * LOW HITPOINT WARNING * * *
A wave of flame ripples out!
The flame wave engulfs the wyvern!
The wyvern is almost dead.
The wyvern bites you!
You die...

#.### #.#
#####h..# #.#
#.......# #.#
#.####..######.###
#.# #............
#.# ##.#######.##
#.# #.# #.## #l###
#.# #.## #@..# #.#
#.## ###.# #.#
#.## .# ... #..$ #
.. #... #... #...
#... ##.. ...


You could see a wyvern.

Vanquished Creatures
  Prince Ribbit (D:6)
  Eustachio (D:6)
  Menkaure (D:5)
  A water moccasin (D:6)
  Duvessa (D:6)
  2 ogres (D:5)
  A phantom (D:5)
  A bullfrog (D:7)
  A water moccasin zombie (Ossuary)
  Dowan (D:6)
  A howler monkey (D:9)
  2 jellies (D:5)
  2 orc priests (D:6)
  3 hounds
  Jessica (D:2)
  4 iguanas
  2 sleepcaps (D:6)
  Ijyb (D:5)
  2 mummies (Ossuary)
  7 gnolls
  4 adders
  A shadow imp (D:5)
  A white imp (D:6)
  3 adder zombies (Ossuary)
  2 worms
  3 dart slugs
  8 orcs
  9 ball pythons
  3 bats
  7 endoplasms
  A giant cockroach (D:3)
  5 gnoll zombies (Ossuary)
  6 goblins
  13 hobgoblins
  6 kobolds
  5 quokkas
  2 frilled lizards (D:1)
  A hobgoblin zombie (Ossuary)
  6 kobold zombies (Ossuary)
  3 orc zombies (Ossuary)
  6 rats
131 creatures vanquished.

Vanquished Creatures (others)
  695 foxfires
695 creatures vanquished.

Grand Total: 826 creatures vanquished

Notes
Turn   | Place    | Note
-------+----------+-------------------------------------------
     0 | D:1      | cforsyth the Ogre Fire Elementalist began the quest for the
                  | Orb.
     0 | D:1      | Reached XP level 1. HP: 16/16 MP: 3/3
   138 | D:1      | Reached skill level 1 in Conjurations
   343 | D:1      | Reached XP level 2. HP: 24/24 MP: 2/5
   847 | D:1      | Reached XP level 3. HP: 31/31 MP: 4/7
  1247 | D:1      | Found Wuxtugov's Book Emporium.
  1721 | D:2      | Learned a level 2 spell: Scorch
  1807 | D:2      | Found a stormy altar of Qazlal.
  1830 | D:2      | Reached skill level 3 in Spellcasting
  1830 | D:2      | Reached XP level 4. HP: 39/39 MP: 1/8
  2135 | D:2      | Noticed Jessica
  2144 | D:2      | Killed Jessica
  2347 | D:2      | Reached XP level 5. HP: 43/45 MP: 5/9
  2466 | D:2      | Learned a level 4 spell: Flame Wave
  3437 | D:3      | Identified the -2 helmet of the Dwarven Hall {rPois rF+++
                  | Int+3 Stlth+}
  3437 | D:3      | Noticed Robin
  3971 | D:4      | Reached XP level 6. HP: 53/53 MP: 5/11
  4289 | D:4      | Found a staircase to the Ecumenical Temple.
  4366 | Temple   | Entered the Ecumenical Temple
  4546 | D:4      | Reached skill level 4 in Spellcasting
  5116 | D:5      | Entered Level 5 of the Dungeon
  5577 | D:5      | Reached XP level 7. HP: 59/59 MP: 4/14
  5582 | D:5      | Noticed Ijyb
  5595 | D:5      | Killed Ijyb
  5615 | D:5      | Found an opulent altar of Gozag.
  5947 | D:5      | Found a sparkling altar of Nemelex Xobeh.
  5989 | D:5      | Found a transporter.
  5989 | D:5      | Noticed jasper's ghost (novice DsNe)
  5990 | D:5      | Found a transporter.
  5991 | D:5      | Identified the +0 great mace "Wisay" {freeze, Str+4 Int+2}
  6187 | D:5      | Noticed Menkaure
  6190 | D:5      | Reached skill level 5 in Spellcasting
  6191 | D:5      | Killed Menkaure
  6210 | D:5      | Reached skill level 5 in Fire Magic
  6421 | D:6      | Noticed Prince Ribbit
  6425 | D:6      | Killed Prince Ribbit
  6426 | D:6      | Reached skill level 6 in Spellcasting
  6426 | D:6      | Reached XP level 8. HP: 67/67 MP: 10/17
  6427 | D:6      | Identified the +1 robe "Linotat" {Str+6 Dex+3}
  6571 | D:6      | Found a sand-covered staircase.
  6595 | D:6      | Noticed Eustachio
  6597 | Ossuary  | Entered an ossuary
  6687 | Ossuary  | Reached skill level 5 in Conjurations
  7147 | D:6      | Killed Eustachio
  7177 | D:6      | Noticed Duvessa
  7211 | D:6      | Killed Duvessa
  7212 | D:6      | Reached skill level 7 in Spellcasting
  7224 | D:6      | Noticed Dowan
  7232 | D:6      | Killed Dowan
  7488 | D:6      | Reached XP level 9. HP: 74/74 MP: 12/19
  7700 | D:6      | Found an iron altar of Okawaru.
  8230 | D:7      | You fall into a shaft and drop 2 floors!
  8251 | D:9      | Noticed a boulder beetle
  8289 | D:9      | Slain by a wyvern

Illustrated notes

Levels and vault maps discovered:
D:1:      saegor_arrival_miasma, layout_loops_corners, serial_shops, shop,
          minmay_tree_intersection
D:2:      layout_basic, basic_altar, uniq_jessica
D:3:      layout_loops_ring, nicolae_yredelemnul_corpse_copse, uniq_robin
D:4:      layout_gridville, minmay_temple_entry_hall, dk_noncrumbling_2
D:5:      layout_basic, grunt_temple_overflow_opulence, gammafunk_ghost_smash,
          uniq_ijyb, uniq_menkaure
D:6:      layout_basic, marbit_many_paths, enter_ossuary_5, dk_rats_in_the_wall,
          uniq_eustachio, uniq_duvessa, uniq_prince_ribbit1
D:7:      layout_loops_corners, mainiacjoe_overflow_boulevard,
          lemuel_coloured_pillars_altar, amethyst_overflow_temple_binary,
          patterned_corridor
D:9:      layout_loops_ring, cheibriados_altar_1, serial_shops, kennysheep_mini
Temple:   eino_temple_lava

Skill      XL: |  1  2  3  4  5  6  7  8 |
---------------+-------------------------+-----
Conjurations   | 1 2 3 4 5 |  5.7
Dodging        | 2 |  2.5
Fire Magic     | 3 4 5 6 |  6.4
Spellcasting   | 3 4 6 7 |  7.3
Stealth        | 2 |  2.1

Action                     |  1- 3 |  4- 6 |  7- 9 || total
---------------------------+-------+-------+-------++-------
  Melee: Unarmed           |    12 |    17 |     2 ||    31
   Cast: Foxfire           |    85 |   184 |   135 ||   404
         Scorch            |       |     8 |    24 ||    32
         Flame Wave        |       |       |     2 ||     2
    Use: Scroll            |       |       |     7 ||     7
         Potion            |       |       |     3 ||     3
 Armour: Robe              |     9 |    19 |    20 ||    48
  Dodge: Dodged            |    16 |    40 |    66 ||   122

Table legend: (Time is in decaauts)
 A = Elapsed time spent in this place.
 B = Non-inter-level travel time spent in this place.
 C = Inter-level travel time spent in this place.
 D = Time resting spent in this place.
 E = Time spent auto-exploring this place.
 F = Levels seen in this place.
 G = Mean time per level.
                   A        B        C        D        E       F      G
               +--------+--------+--------+--------+--------+-----+--------+
         Total |   8294 |   8055 |    239 |    192 |   6507 |  10 |  829.4 |
       Dungeon |   7599 |   7367 |    232 |    154 |   5945 |   8 |  949.9 |
        Temple |    152 |    146 |      6 |      0 |    143 |   1 |  152.0 |
       Ossuary |    541 |    541 |      0 |     38 |    419 |   1 |  541.0 |
               +--------+--------+--------+--------+--------+-----+--------+

Top non-repeatable levels by time:
     D:4: 1523 daAuts
     D:1: 1452 daAuts
     D:6: 1164 daAuts
     D:5: 1163 daAuts
     D:2: 1153 daAuts
     D:3: 975 daAuts
 Ossuary: 541 daAuts
  Temple: 152 daAuts
     D:7: 107 daAuts
     D:9: 58 daAuts
